 Dungeon Crawl Stone Soup version 0.28.0-53-g5a82cb258f (webtiles) character file.

Game seed: 1547721971032883307

126 Icepheonix32 the Firebug (level 4, 0/33 HPs)
             Began as a Draconian Fire Elementalist on June 7, 2022.
             Succumbed to an adder's poison
             ... in a sewer.
             The game lasted 00:03:44 (1798 turns).

Icepheonix32 the Firebug (DrFE)                     Turns: 1798, Time: 00:03:45

Health: 0/33       AC:  5    Str: 10 (11) XL:     4   Next: 83%
Magic:  6/8        EV: 12    Int: 15 (17) God:
Gold:   95         SH:  0    Dex: 10 (11) Spells: 8/9 levels left

rFire   . . .      SeeInvis .   e - +1 dagger (venom)
rCold   . . .      Faith    .   (no shield)
rNeg    . . .      Spirit   .   (armour unavailable)
rPois   .          Reflect  .   (helmet restricted)
rElec   .          Harm     .   (no cloak)
rCorr   .          Rampage  .   (no gloves)
Will    .....                   (no boots)
Stlth   ++........              (no amulet)
HPRegen 0.11/turn               (no ring)
MPRegen 0.11/turn               (no ring)

@: lethally poisoned (0 -> -1)
A: AC +5, unfitting armour, cold-blooded
a: no special abilities


You were in a sewer.
You visited 1 branch of the dungeon, and saw 3 of its levels.
You also visited: Sewer.

You collected 95 gold pieces.

Inventory:

Hand Weapons
 a - a +0 spear
 e - a +1 dagger of venom (weapon)
Armour
 g - a +0 helmet
Scrolls
 b - a scroll of fog
 c - 2 scrolls of amnesia
 i - 2 scrolls of teleportation
Potions
 d - a potion of invisibility
 h - 4 potions of flight


   Skills:
 + Level 0.2 Fighting
 + Level 0.1 Short Blades
 + Level 2.0 Dodging
 + Level 1.9 Stealth
 + Level 3.0 Spellcasting
 + Level 1.9 Conjurations
 + Level 4.4 Fire Magic


You had 8 spell levels left.
You knew the following spells:

 Your Spells              Type           Power      Damage    Failure   Level
a - Foxfire               Conj/Fire      44%        2x1d6     5%          1

Your spell library contained the following spells:

 Spells                   Type           Power      Damage    Failure   Level
 Scorch                   Fire           30%        2d7       4%          2
 Conjure Flame            Conj/Fire      11%        6-21      16%         3
 Inner Flame              Hex/Fire       8%         N/A       24%         3
 Flame Wave               Conj/Fire      11%        2d5       47%         4


Dungeon Overview and Level Annotations

Branches:
Dungeon (3/15)              Sewer (1/1)

Altars:

Shops:
D:1 (

Annotations:
D:2 Robin


Innate Abilities, Weirdness & Mutations

Your plain brown scales are hard. (AC +5)
You cannot fit into any form of body armour.
You are cold-blooded and may be slowed by cold attacks.


Message History

The adder poisons you! The ball python barely misses you.
The ball python constricts you.
You conjure some foxfire!
You feel sick.
The foxfire hits the adder.
The adder is lightly wounded.
The foxfire hits the ball python.
The ball python is severely wounded.
The adder is engulfed in a cloud of scalding steam.
The adder bites you.
You are more poisoned.
The adder poisons you!
The ball python is engulfed in a cloud of scalding steam.
You kill the ball python!
Your Spellcasting skill increases to level 3!
You conjure some foxfire!
You are engulfed in a cloud of scalding steam.
You feel sick.
The adder is engulfed in a cloud of scalding steam.
You kill the adder!
Unknown command.
You are too injured to fight recklessly!
Unknown command.
You are engulfed in a cloud of scalding steam.
You feel sick.
The foxfire hits the rat.
You kill the rat!
You are engulfed in a cloud of scalding steam.
* * * LOW HITPOINT WARNING * * *
x2 You feel sick.
Unknown command.
* * * LOW HITPOINT WARNING * * *
You feel sick.
Your foxfire dissipates!
It was a potion of degeneration.
There was something very wrong with that liquid.
You feel weakened.
You feel dopey.
You feel clumsy.
* * * LOW HITPOINT WARNING * * *
You feel sick.
Unknown command.
* * * LOW HITPOINT WARNING * * *
You feel sick.
You die...

###### ... ##≈.@.### r..
###≈†≈≈...## ≈≈
#≈≈≈#≈≈≈...####### ≈S
#≈#.#≈≈≈≈≈††...†.# #≈
#≈#.#≈≈≈≈†≈≈≈≈##.# #.
≈##.####†###≈≈≈#†#
#.#####.#...≈..###≈≈≈######
#..†S.r##......# #≈≈≈≈≈≈≈≈≈
################ ##########


There were no monsters in sight!

Vanquished Creatures
  A merfolk siren (Sewer)
  An adder (Sewer)
  4 river rats
  14 ball pythons
  A bat (D:1)
  An endoplasm (D:3)
  A giant cockroach (Sewer)
  10 goblins (D:1)
  A hobgoblin (D:1)
  2 quokkas (Sewer)
  4 frilled lizards
  3 kobolds (D:1)
  20 rats
63 creatures vanquished.

Vanquished Creatures (others)
  132 foxfires
132 creatures vanquished.

Grand Total: 195 creatures vanquished

Notes
Turn   | Place    | Note
-------+----------+-------------------------------------------
     0 | D:1      | Icepheonix32 the Draconian Fire Elementalist began the
                  | quest for the Orb.
     0 | D:1      | Reached XP level 1. HP: 14/14 MP: 3/3
   191 | D:1      | Found Leosk's Antique Weapon Shoppe.
   444 | D:1      | Reached XP level 2. HP: 20/20 MP: 5/5
  1213 | D:2      | Noticed Robin
  1220 | D:1      | Reached XP level 3. HP: 24/26 MP: 1/6
  1275 | D:2      | You fall into a shaft and drop 1 floor!
  1365 | D:3      | Reached skill level 4 in Fire Magic
  1381 | D:3      | Found a glowing drain.
  1393 | Sewer    | Entered a sewer
  1446 | Sewer    | Reached XP level 4. HP: 33/33 MP: 1/8
  1797 | Sewer    | HP: 1/33 [poisoned by an adder]
  1798 | Sewer    | Succumbed to an adder's poison

Illustrated notes

Levels and vault maps discovered:
D:1:      lordsloth_arrival_two_stooges, layout_basic, serial_shops, shop
D:2:      layout_loops_cross, ebering_ecumenical_altar_webs, basic_altar,
          serial_shops, nicolae_shop_stone, shop, nicolae_shop_crystal,
          uniq_robin
D:3:      layout_basic, marbit_many_paths, portal_sewer_entry_b
Sewer:    sewer_sea

Skill      XL: |  1  2  3  4 |
---------------+-------------+-----
Fire Magic     | 4 |  4.4
Dodging        | 2 |  2.0
Spellcasting   | 3 |  3.0
Fighting       | |  0.2
Short Blades   | |  0.1
Stealth        | |  1.9
Conjurations   | |  1.9

Action                   |  1- 3 |  4- 6 || total
-------------------------+-------+-------++-------
Melee: Dagger            |    14 |    17 ||    31
       Tailslap          |       |     3 ||     3
 Cast: Foxfire           |    50 |    24 ||    74
  Use: Scroll            |     3 |       ||     3
       Potion            |       |     1 ||     1
 Stab: Sleeping          |     1 |       ||     1
Armor: Skin              |    11 |     6 ||    17
Dodge: Dodged            |    20 |    16 ||    36
